 Dungeon Crawl Stone Soup version 0.18.1-8-gdd0e5ea (webtiles) character file.

79 Liquid the Skirmisher (level 4, -3/37 HPs)
             Began as a Formicid Abyssal Knight on May 27, 2016.
             Was a Believer of Lugonu.
             Killed by nerve-wracking pain
             ... invoked by an orc priest
              (8 damage)
             ... on level 3 of the Dungeon.
             The game lasted 00:06:53 (2224 turns).

Liquid the Skirmisher (Formicid Abyssal Knight)     Turns: 2224, Time: 00:06:53

Health: -3/37      AC:  5    Str: 16    XL:     4   Next: 62%
Magic:  6/6        EV:  7    Int: 12    God:    Lugonu [**....]
Gold:   100        SH:  7    Dex: 11    Spells: 0 memorised, 3 levels left

rFire  . . .     SeeInvis +     a - +1 spear
rCold  . . .     Gourm    .     n - +0 ring mail
rNeg   . . .     Faith    .     j - +0 shield
rPois  .         Spirit   .     (helmet unavailable)
rElec  .         Dismiss  .     (no cloak)
rCorr  .         Reflect  .     (no gloves)
SustAt .         Harm     .     (no boots)
MR     .....                    (no amulet)
Stlth  +.........               (no ring)
                                (no ring)

@: not resistant to hostile enchantments, very unstealthy
A: permanent stasis, dig shafts and tunnels, four strong arms, antennae 3
a: Dig, Shaft Self, Depart the Abyss, Bend Space, Renounce Religion


You were on level 3 of the Dungeon.
You worshipped Lugonu.
Lugonu was pleased with you.
You were not hungry.

You visited 1 branch of the dungeon, and saw 4 of its levels.
You visited the Abyss 1 time.

You collected 100 gold pieces.

Inventory:

Hand Weapons
 a - a +1 spear (weapon)
Armour
 b - a +0 leather armour
 j - a +0 shield (worn)
 n - a +0 ring mail (worn)
Scrolls
 e - 3 scrolls of fog {unknown}
 g - 2 scrolls of enchant armour {unknown}
 h - 3 scrolls of remove curse {unknown}
 l - a scroll of recharging {unknown}
 m - a scroll of noise {unknown}
 o - a scroll of identify {unknown}
 q - a scroll of amnesia {unknown}
Potions
 d - a potion of curing
 i - a potion of haste {unknown}
 k - a potion of cure mutation {unknown}
 r - a potion of flight {unknown}
 s - a potion of lignification {unknown}
Comestibles
 c - 2 bread rations
 f - a meat ration
 p - a chunk of flesh


   Skills:
 + Level 4.0 Fighting
 * Level 3.3 Polearms
 - Level 2.1 Armour
 - Level 0.8 Dodging
 + Level 0.8 Shields
 + Level 3.0 Invocations


You had 3 spell levels left.
You didn't know any spells.

Dungeon Overview and Level Annotations

Branches:
Dungeon (4/15)
 Temple: D:4-7

Altars:
Xom


Innate Abilities, Weirdness & Mutations

You are under a permanent stasis effect.
You can dig through walls and to a lower floor.
Your four strong arms can wield two-handed weapons with a shield.
You have a pair of large antennae on your head (SInv).


Message History

The orc priest is heavily wounded.
The orc priest miscasts a cantrip.
You closely miss the orc priest.
The orc priest is heavily wounded.
The orc priest hits you.
* * * LOW HITPOINT WARNING * * *
You hit the orc priest.
The orc priest is severely wounded.
The orc priest casts a cantrip, but nothing happens.
You closely miss the orc priest.
The orc priest is severely wounded.
You block the orc priest's attack. x2
You hit the orc priest.
The orc priest is severely wounded.
The orc priest barely misses you.
You closely miss the orc priest.
The orc priest is severely wounded.
The orc priest mumbles some strange prayers to Beogh against you.
Pain shoots through your body!
You die...

#.# ##.##
####.#.####
##.#####.#
##.#.#
#........#
#....#
#.###.####
## #.####
#. #... ..
#.# #.
#.### #.
#.# #. ..#
#. #.# ##
### #.###.#
#.@#{ยง#
#)#o#.#
#.###)# #.
#o# #. #.#
#. #.# ..
... ## ###


You could see an orc priest.

Vanquished Creatures
  2 adders (D:2)
  An ooze (D:1)
  A worm (D:2)
  A dart slug (D:4)
  A giant gecko (D:1)
  3 orcs (D:3)
  2 giant cockroaches
  7 goblins
  6 hobgoblins
  8 jackals
  2 bats (D:2)
  2 giant newts
  3 kobolds
  5 rats
44 creatures vanquished.

Vanquished Creatures (others)
  4 toadstools (D:1)
4 creatures vanquished.

Grand Total: 48 creatures vanquished

Notes
Turn   | Place    | Note
--------------------------------------------------------------
     0 | Abyss:1  | Liquid the Formicid Abyssal Knight began the quest for the Orb.
     0 | Abyss:1  | Reached XP level 1. HP: 18/18 MP: 2/2
   100 | Abyss:2  | Noticed a manticore zombie
   101 | D:1      | Escaped the Abyss
   408 | D:1      | Reached * piety under Lugonu
   462 | D:1      | Reached XP level 2. HP: 20/24 MP: 3/3
   824 | D:1      | Reached XP level 3. HP: 26/29 MP: 4/4
  1809 | D:2      | Reached XP level 4. HP: 34/37 MP: 6/6
  1860 | D:2      | Found a shimmering altar of Xom.
  1967 | D:2      | You fall through a shaft for 2 floors!
  2091 | D:3      | Reached skill level 4 in Fighting
  2144 | D:3      | Reached ** piety under Lugonu
  2224 | D:3      | Killed from afar by an orc priest

Skill      XL: |  1  2  3  4 |
---------------+-------------+-----
Polearms       | 3 |  3.3
Invocations    | 3 |  3.0
Fighting       | 4 |  4.0
Armour         | |  2.1
Dodging        | |  0.8
Shields        | |  0.8

Action                   |  1- 3 |  4- 6 || total
-------------------------+-------+-------++-------
Melee: Spear             |   118 |    80 ||   198
Invok: Depart the Abyss  |     1 |       ||     1
 Abil: Dig               |     1 |     1 ||     2
  Use: Potion            |       |     1 ||     1
  Eat: Chunk             |     3 |     2 ||     5
Armor: Leather armour    |    15 |     5 ||    20
       Ring mail         |       |    10 ||    10
Dodge: Dodged            |    41 |    14 ||    55
Block: Shield            |     8 |    16 ||    24
